 Dungeon Crawl Stone Soup version 0.24-a0-272-g14115134c2 (webtiles) character file.

Game seed: 11091319472521315740

493 HAL9000 the Covert (level 7, -4/34 HPs)
             Began as a Vine Stalker Assassin on Apr 25, 2019.
             Slain by a worker ant (8 damage)
             ... on level 4 of the Dungeon.
             The game lasted 00:05:49 (3174 turns).

HAL9000 the Covert (Vine Stalker Assassin)          Turns: 3174, Time: 00:05:50

Health: -4/34      AC:  3    Str: 16    XL:     7   Next: 15%
Magic:  0/8        EV: 11    Int: 11    God:
Gold:   96         SH:  0    Dex: 15    Spells: 6/6 levels left

rFire    + . .     SeeInvis .   a - +2 dagger
rCold    + . .     Gourm    .   (no shield)
rNeg     . . .     Faith    .   c - +0 robe
rPois    .         Spirit   +   (no helmet)
rElec    .         Reflect  .   B - scarf {rC+ rF+}
rCorr    .         Harm     .   (no gloves)
MR       .....                  q - +0 pair of boots
Stlth    ++++......             i - amulet of rage
HPRegen  0.51/turn              (no ring)
MPRegen  0.11/turn              (no ring)

@: lethally poisoned (-4 -> -5), hasted, very quick
A: fangs 2, regeneration 1, magic shield, antimagic bite, no potion heal 3, rot
immunity
a: Evoke Berserk Rage


You were on level 4 of the Dungeon.
You were not hungry.

You visited 1 branch of the dungeon, and saw 4 of its levels.

You collected 96 gold pieces.

Inventory:

Hand Weapons
 a - a +2 dagger (weapon)
 b - a +0 blowgun
Missiles
 e - 8 poisoned needles
 f - 2 curare-tipped needles
Armour
 c - a +0 robe (worn)
 d - a +0 cloak
 q - a +0 pair of boots (worn)
 y - a +0 shield
 B - a scarf of resistance (worn)
Jewellery
 i - an amulet of rage (around neck)
Wands
 v - a wand of scattershot (7)
 D - a wand of flame (11)
Scrolls
 l - 2 scrolls of blinking {unknown}
 m - a scroll of remove curse {unknown}
 o - a scroll of teleportation
 s - 2 scrolls of identify {unknown}
 E - a scroll of amnesia {unknown}
Potions
 h - a potion of might {unknown}
 j - 2 potions of haste
 k - a potion of resistance {unknown}
 n - a potion of flight {unknown}
 p - a potion of brilliance {unknown}
 r - 2 potions of agility {unknown}
 u - a potion of degeneration {unknown}
 w - a potion of lignification {unknown}
 x - a potion of heal wounds {unknown}
 z - a potion of invisibility {unknown}
 A - 2 potions of mutation {unknown}
 C - 2 potions of curing {unknown}
Comestibles
 g - 5 rations
 t - 7 chunks of flesh


   Skills:
 - Level 1.7 Fighting
 + Level 4.0 Short Blades
 - Level 1.7 Throwing
 - Level 0.7 Dodging
 + Level 9.3 Stealth


You had 6 spell levels left.
You didn't know any spells.
Your spell library was empty.

Dungeon Overview and Level Annotations

Branches:
Dungeon (4/15)
 Temple: D:4-7

Altars:

Annotations:
D:4 1 transporter


Innate Abilities, Weirdness & Mutations

You have extremely sharp teeth.
Your natural rate of healing is unusually fast.
When hurt, damage is shared between your health and your magic reserves.
Your bite disrupts and absorbs the magic of your enemies.
Potions cannot restore your health.
You are immune to rotting.


Message History

The worker ant bites you.
The orc priest invokes the aid of Beogh against you.
Beogh smites you!
* * * LOW HITPOINT WARNING * * *
You closely miss the worker ant.
The worker ant is almost dead.
You feel sick. The worker ant bites you.
* * * LOW HITPOINT WARNING * * *
You hit the worker ant but do no damage.
Your bite misses the worker ant.
The worker ant is almost dead.
The worker ant bites you.
* * * LOW HITPOINT WARNING * * *
Unknown command.
Okay, then.
Okay, then.
It was a potion of haste.
You feel yourself speed up.
You feel sick.
The worker ant waves its antennae.
The worker ant bites you!
You die...

####### # #.....# #######
##############.....########....##
...............................##
....................o............
#.............[.@a####...##......
#.##...#####...#### #)...........
#.##...#####...# #...[........
#.##.........########............
'...................'............
#.###...............#..........##
#...................#.o..........
....................#......).....
...........................##....


You could see a worker ant and an orc priest.

Vanquished Creatures
  An ogre (D:3)
  3 orc priests
  A hound (D:4)
  5 orc wizards
  Jessica (D:3)
  Ijyb (D:3)
  2 worms
  5 dart slugs
  2 leopard geckos
  7 orcs
  3 ball pythons
  6 giant cockroaches
  8 goblins
  7 hobgoblins
  3 jackals (D:1)
  2 quokkas
  8 bats
  6 frilled lizards
  5 kobolds
  11 rats
87 creatures vanquished.

Vanquished Creatures (others)
  5 toadstools (D:1)
5 creatures vanquished.

Grand Total: 92 creatures vanquished

Notes
Turn   | Place    | Note
-------+----------+-------------------------------------------
     0 | D:1      | HAL9000 the Vine Stalker Assassin began the quest for the
                  | Orb.
     0 | D:1      | Reached XP level 1. HP: 11/11 MP: 2/2
    18 | D:1      | Reached skill level 5 in Stealth
    53 | D:1      | Reached XP level 2. HP: 14/15 MP: 1/3
   227 | D:1      | Reached skill level 6 in Stealth
   227 | D:1      | Reached XP level 3. HP: 18/18 MP: 4/4
  1130 | D:2      | Gained mutation: Your natural rate of healing is unusually
                  | fast. [Vine Stalker growth]
  1130 | D:2      | Reached XP level 4. HP: 23/23 MP: 5/5
  1461 | D:3      | Noticed Ijyb
  1465 | D:3      | Killed Ijyb
  1465 | D:3      | Reached skill level 7 in Stealth
  1530 | D:3      | Reached XP level 5. HP: 26/26 MP: 6/6
  2027 | D:3      | Noticed Jessica
  2028 | D:3      | Noticed an ogre
  2034 | D:3      | Killed Jessica
  2034 | D:3      | Reached skill level 8 in Stealth
  2036 | D:3      | Killed an ogre
  2036 | D:3      | Reached XP level 6. HP: 30/30 MP: 7/7
  2442 | D:4      | Found a transporter.
  2854 | D:3      | Reached skill level 9 in Stealth
  3024 | D:4      | Reached XP level 7. HP: 34/34 MP: 8/8
  3174 | D:4      | Slain by a worker ant

Levels and vault maps discovered:
D:1:      ldierk_walled_garden, layout_loops_ring
D:2:      layout_basic, kennysheep_another_room, kennysheep_generic_room_8
D:3:      layout_basic, uniq_jessica, uniq_ijyb
D:4:      gammafunk_wand_slinger, layout_basic

Skill      XL: |  1  2  3  4  5  6  7 |
---------------+----------------------+-----
Stealth        | 5 6 7 8 9 |  9.3
Short Blades   | 2 3 4 |  4.0
Fighting       | |  1.7
Throwing       | |  1.7
Dodging        | |  0.7

Action                   |  1- 3 |  4- 6 |  7- 9 || total
-------------------------+-------+-------+-------++-------
Melee: Dagger            |    84 |   109 |    13 ||   206
       Bite              |    11 |    30 |     8 ||    49
Throw: Tomahawk          |       |     4 |     7 ||    11
Evoke: Wand              |       |     1 |       ||     1
  Use: Scroll            |       |     2 |       ||     2
       Potion            |       |       |     1 ||     1
 Stab: Sleeping          |    22 |    13 |       ||    35
       Distracted        |     1 |       |       ||     1
  Eat: Chunk             |     1 |     6 |       ||     7
Armor: Robe              |    17 |    22 |     1 ||    40
Dodge: Dodged            |    27 |    35 |     7 ||    69

Table legend:
 A = Non-vault XP
 B = Vault XP
 C = Vault XP percentage of total XP
 D = Non-vault monster count
 E = Vault monster count
 F = Vault count percentage of total count
                 A         B        C        D         E       F
            +---------+---------+-------+---------+---------+-------
      Total |     629 |      76 |  10.8 |      83 |       4 |   4.6
            +---------+---------+-------+---------+---------+-------
        D:1 |      49 |       0 |   0.0 |      27 |       0 |   0.0
        D:2 |      41 |       3 |   6.8 |      21 |       2 |   8.7
        D:3 |     285 |      73 |  20.4 |      25 |       2 |   7.4
        D:4 |     254 |       0 |   0.0 |      10 |       0 |   0.0
            +---------+---------+-------+---------+---------+-------
